Philadelphia Flyers vs Pittsburgh Penguins
Created - Friday, February 9, 2024 at 07:57
Goals
|
| Philadelphia Flyers |
0 |
0 |
1 |
1 |
| Pittsburgh Penguins |
1 |
3 |
1 |
5 |
|
Shots
|
| Philadelphia Flyers |
5 |
10 |
16 |
31 |
| Pittsburgh Penguins |
10 |
20 |
16 |
46 |
|
1st period
1. Pittsburgh Penguins , Leon Draisaitl 1 (Mitchell Marner 2) at 17:37
Penalties :
Radek Faksa (PHI) for Hooking (Minor) at 18:04
2nd period
2. Pittsburgh Penguins , Colton Sissons 1 (Tom Wilson 1, Gabriel Vilardi 2) at 5:10
3. Pittsburgh Penguins , Sam Reinhart 3 (Erik Karlsson 1, Akira Schmid) at 7:27
4. Pittsburgh Penguins , Jean-Gabriel Pageau 2 (Ryan Suter 1, Anders Lee 3) at 18:09
Penalties :
Tom Wilson (PIT) for Fighting (Major) at 19:33, Matthew Peca (PHI) for Fighting (Major) at 19:33
3rd period
5. Philadelphia Flyers , Ben Chiarot 1 (Marcus Johansson 4, Radek Faksa 1) at 1:50
6. Pittsburgh Penguins , Sam Reinhart 4 (Jean-Gabriel Pageau 3, Ryan Johansen 3) at 2:47
Penalties :
Erik Karlsson (PIT) for Checking from behind (Minor) at 3:09, Radek Faksa (PHI) for Tripping (Minor) at 9:47
Goalie Stats
Jake Allen (PHI), 41 saves from 46 shots - (0.891), L, 1-1-0, 60:00 minutes
Akira Schmid (PIT), 30 saves from 31 shots - (0.968), W, 2-1-0, 60:00 minutes
Players Stats for Philadelphia Flyers
Player Name G A P +/- PIM S H SB GA TA FO MP PP MP PK MP
------------------------------------------------------------------------------------
Artem Zub 0 0 0 -4 0 0 1 1 0 0 0/0 20:11 0:00 1:59
Auston Matthews 0 0 0 -3 0 4 1 1 1 0 7/12 16:48 1:05 1:43
Ben Chiarot 1 0 1 0 0 1 2 0 0 0 0/0 20:39 0:00 1:59
Bryan Rust 0 0 0 -3 0 2 0 0 0 0 1/2 15:44 0:00 2:15
Elias Lindholm 0 0 0 0 0 2 1 0 0 1 4/14 16:32 0:54 2:02
Erik Gustafsson 0 0 0 0 0 1 0 1 0 1 0/0 17:19 0:44 0:00
Jesper Fast 0 0 0 -2 0 3 0 1 0 0 0/1 14:51 0:00 1:07
Justin Faulk 0 0 0 0 0 1 0 3 0 0 0/0 22:26 1:15 1:59
Marcus Johansson 0 1 1 1 0 2 0 1 0 0 1/1 15:24 0:54 0:36
Matt Duchene 0 0 0 -3 0 4 0 0 0 0 0/2 13:59 1:05 0:00
Matt Roy 0 0 0 0 0 0 1 0 0 1 0/0 19:24 0:44 1:59
Matthew Peca 0 0 0 -2 5 2 1 0 0 1 3/7 12:39 0:00 0:00
Max Pacioretty 0 0 0 0 0 0 1 0 1 0 0/0 14:21 1:05 0:00
Oliver Ekman-Larsson 0 0 0 -4 0 2 0 2 0 1 0/0 18:49 1:15 0:00
Radek Faksa 0 1 1 1 4 1 3 3 0 0 9/18 14:39 0:00 0:00
Sonny Milano 0 0 0 -2 0 2 2 0 1 1 0/1 13:26 0:00 0:00
Tyler Johnson 0 0 0 1 0 4 0 1 1 1 0/0 14:36 0:00 0:13
Vladimir Tarasenko 0 0 0 0 0 0 0 0 0 1 0/1 14:12 0:54 0:00
Players Stats for Pittsburgh Penguins
Player Name G A P +/- PIM S H SB GA TA FO MP PP MP PK MP
------------------------------------------------------------------------------------
Anders Lee 0 1 1 1 0 6 3 0 0 0 1/1 17:34 2:09 0:00
Brian Dumoulin 0 0 0 2 0 2 1 1 0 0 0/0 21:48 1:40 0:50
Colton Sissons 1 0 1 1 0 1 1 0 0 0 1/1 8:21 0:00 0:00
Erik Gudbranson 0 0 0 1 0 2 1 0 0 1 0/0 15:51 0:00 0:20
Erik Karlsson 0 1 1 1 2 3 2 0 0 0 0/0 22:06 2:18 0:00
Gabriel Vilardi 0 1 1 1 0 3 2 0 0 1 0/1 8:21 0:00 0:00
J.J. Moser 0 0 0 1 0 0 1 1 1 0 0/0 16:20 0:00 0:49
Jean-Gabriel Pageau 1 1 2 1 0 1 0 0 0 0 13/21 17:34 2:09 0:00
Jordan Eberle 0 0 0 0 0 0 2 0 4 0 0/1 13:12 0:00 0:00
Leon Draisaitl 1 0 1 2 0 5 3 1 1 0 12/17 19:23 1:49 1:04
Mattias Ekholm 0 0 0 1 0 0 0 2 0 0 0/0 22:41 2:18 1:09
Mitchell Marner 0 1 1 2 0 6 0 0 2 1 0/2 19:50 1:49 1:04
Pavel Buchnevich 0 0 0 2 0 2 3 0 0 0 1/2 19:34 1:49 0:55
Phillip Danault 0 0 0 0 0 2 5 0 0 1 5/12 13:27 0:00 0:00
Ryan Johansen 0 1 1 0 0 1 2 0 0 0 1/1 13:12 0:00 0:00
Ryan Suter 0 1 1 2 0 4 0 1 0 0 0/0 21:48 1:40 0:50
Sam Reinhart 2 0 2 1 0 6 0 0 0 0 0/0 19:04 2:09 0:55
Tom Wilson 0 1 1 1 5 2 0 0 0 0 0/0 7:55 0:00 0:02
3 Stars
1 - Sam Reinhart (PIT)
2 - Akira Schmid (PIT)
3 - Leon Draisaitl (PIT)
Power Play
Philadelphia Flyers - 0 on 1 Attempt(s) - 0.00%
Pittsburgh Penguins - 0 on 2 Attempt(s) - 0.00%
Penalty Kill
Philadelphia Flyers - 2 on 2 Attempt(s) - 100.00%
- Score 0 goal in Penalty Kill
Pittsburgh Penguins - 1 on 1 Attempt(s) - 100.00%
- Score 0 goal in Penalty Kill
Team Stat
Philadelphia Flyers - Hits : 13 - Faceoff Wins : 25 - Blocked Shots : 14 - Penalty Minutes : 9
Pittsburgh Penguins - Hits : 26 - Faceoff Wins : 34 - Blocked Shots : 6 - Penalty Minutes : 7
Official
Referees : Evgeny Romasko and Ian Walsh
Linesman : Andy McElman and David Brisebois
Game Notes
Tom Wilson beats up Matthew Peca at 19:33 of 2nd period
Finance
Level 1 -- Attendance: 4797 (79.95%) -- Ticket Income $479,700
Level 2 -- Attendance: 3976 (79.52%) -- Ticket Income $238,560
Level 3 -- Attendance: 2284 (76.13%) -- Ticket Income $79,940
Level 4 -- Attendance: 3702 (74.04%) -- Ticket Income $92,550
Luxury Box -- Attendance: 704 (70.40%) -- Ticket Income $140,800
Game was played at the Consol Energy Center.
Total Attendance: 15463 (77.32%)
Total Ticket Income: $1,031,550
Other Income: $361,042
Total Income: $1,392,592
Philadelphia Flyers
5 vs 5 Forward
Center Left Wing Right Wing Time % Phy DF OF
1 Auston Matthews Matt Duchene Bryan Rust 25 0 2 3
2 Elias Lindholm Max Pacioretty Vladimir Tarasenko 25 0 2 3
3 Radek Faksa Marcus Johansson Tyler Johnson 25 0 2 3
4 Matthew Peca Jesper Fast Sonny Milano 25 0 2 3
5 vs 5 Defense
Defense Defense Time % Phy DF OF
1 Justin Faulk Ben Chiarot 35 1 2 2
2 Oliver Ekman-Larsson Artem Zub 35 1 2 2
3 Erik Gustafsson Matt Roy 30 1 2 2
4 Justin Faulk Ben Chiarot 0 1 2 2
PowerPlay Forward
Center Left Wing Right Wing Time % Phy DF OF
1 Auston Matthews Max Pacioretty Matt Duchene 50 0 1 4
2 Elias Lindholm Marcus Johansson Vladimir Tarasenko 50 0 1 4
PowerPlay Defense
Defense Defense Time % Phy DF OF
1 Justin Faulk Oliver Ekman-Larsson 50 0 2 3
2 Erik Gustafsson Matt Roy 50 0 2 3
Penalty Kill 4 Players Forward
Center Wing Time % Phy DF OF
1 Radek Faksa Bryan Rust 50 0 4 1
2 Elias Lindholm Jesper Fast 50 0 4 1
Penalty Kill 4 Players Defense
Defense Defense Time % Phy DF OF
1 Ben Chiarot Matt Roy 50 0 5 0
2 Artem Zub Justin Faulk 50 0 5 0
Penalty Kill - 3 Players Forward
Forward Time % Phy DF OF
1 Radek Faksa 50 0 5 0
2 Elias Lindholm 50 0 5 0
Penalty Kill - 3 Players Defense
Defense Defense Time % Phy DF OF
1 Ben Chiarot Matt Roy 50 0 5 0
2 Artem Zub Justin Faulk 50 0 5 0
4 vs 4 Forward
Center Wing Time % Phy DF OF
1 Auston Matthews Matt Duchene 50 0 2 3
2 Elias Lindholm Max Pacioretty 50 0 2 3
4 vs 4 Defense
Defense Defense Time % Phy DF OF
1 Justin Faulk Ben Chiarot 50 1 2 2
2 Oliver Ekman-Larsson Artem Zub 50 1 2 2
Last Minutes Offensive
Center Left Wing Right Wing Defense Defense
Auston Matthews Elias Lindholm Matt Duchene Justin Faulk Oliver Ekman-Larsson
Last Minutes Defensive
Center Left Wing Right Wing Defense Defense
Elias Lindholm Radek Faksa Bryan Rust Ben Chiarot Matt Roy
Goaltenders
Starting : Jake Allen
Backup : Connor Ingram
Extra Forwards
Normal : Auston Matthews, Elias Lindholm, Matt Duchene - PP : Auston Matthews, Elias Lindholm - PK : Elias Lindholm
Extra Defensemen
Normal : Justin Faulk, Oliver Ekman-Larsson, Erik Gustafsson - PP : Justin Faulk - PK : Ben Chiarot, Matt Roy
Penalty Shots
Auston Matthews, Matt Duchene, Max Pacioretty, Elias Lindholm, Vladimir Tarasenko
Pittsburgh Penguins
5 vs 5 Forward
Center Left Wing Right Wing Time % Phy DF OF
1 Leon Draisaitl Pavel Buchnevich Mitchell Marner 30 1 2 2
2 Jean-Gabriel Pageau Anders Lee Sam Reinhart 30 1 2 2
3 Phillip Danault Jordan Eberle Ryan Johansen 25 1 2 2
4 Colton Sissons Gabriel Vilardi Tom Wilson 15 1 2 2
5 vs 5 Defense
Defense Defense Time % Phy DF OF
1 Erik Karlsson Mattias Ekholm 35 1 2 2
2 Ryan Suter Brian Dumoulin 35 1 2 2
3 Erik Gudbranson J.J. Moser 30 1 2 2
4 Erik Karlsson Mattias Ekholm 0 1 2 2
PowerPlay Forward
Center Left Wing Right Wing Time % Phy DF OF
1 Leon Draisaitl Pavel Buchnevich Mitchell Marner 50 1 2 2
2 Jean-Gabriel Pageau Anders Lee Sam Reinhart 50 1 2 2
PowerPlay Defense
Defense Defense Time % Phy DF OF
1 Erik Karlsson Mattias Ekholm 50 1 2 2
2 Ryan Suter Brian Dumoulin 50 1 2 2
Penalty Kill 4 Players Forward
Center Wing Time % Phy DF OF
1 Leon Draisaitl Mitchell Marner 50 1 2 2
2 Sam Reinhart Pavel Buchnevich 50 1 2 2
Penalty Kill 4 Players Defense
Defense Defense Time % Phy DF OF
1 Erik Karlsson Mattias Ekholm 50 1 2 2
2 Ryan Suter Brian Dumoulin 50 1 2 2
Penalty Kill - 3 Players Forward
Forward Time % Phy DF OF
1 Leon Draisaitl 50 1 2 2
2 Mitchell Marner 50 1 2 2
Penalty Kill - 3 Players Defense
Defense Defense Time % Phy DF OF
1 Erik Karlsson Mattias Ekholm 50 1 2 2
2 Ryan Suter Brian Dumoulin 50 1 2 2
4 vs 4 Forward
Center Wing Time % Phy DF OF
1 Leon Draisaitl Mitchell Marner 50 1 2 2
2 Sam Reinhart Pavel Buchnevich 50 1 2 2
4 vs 4 Defense
Defense Defense Time % Phy DF OF
1 Erik Karlsson Mattias Ekholm 50 1 2 2
2 Ryan Suter Brian Dumoulin 50 1 2 2
Last Minutes Offensive
Center Left Wing Right Wing Defense Defense
Leon Draisaitl Pavel Buchnevich Mitchell Marner Erik Karlsson Mattias Ekholm
Last Minutes Defensive
Center Left Wing Right Wing Defense Defense
Leon Draisaitl Pavel Buchnevich Mitchell Marner Erik Karlsson Mattias Ekholm
Goaltenders
Starting : Akira Schmid
Backup : Marc-Andre Fleury
Extra Forwards
Normal : Tom Wilson, Gabriel Vilardi, Phillip Danault - PP : Tom Wilson, Gabriel Vilardi - PK : Phillip Danault
Extra Defensemen
Normal : Erik Gudbranson, J.J. Moser, Ryan Suter - PP : Erik Gudbranson - PK : J.J. Moser, Ryan Suter
Penalty Shots
Leon Draisaitl, Mitchell Marner, Sam Reinhart, Pavel Buchnevich, Jean-Gabriel Pageau
% Time on Ice - Philadelphia Flyers
Lines # - Real PCT - Wanted PCT - Time Play
Normal Forward
1 - 25% - 25% - 13:29
2 - 25% - 25% - 13:36
3 - 25% - 25% - 13:32
4 - 25% - 25% - 13:26
Normal Defense
1 - 35% - 35% - 18:54
2 - 35% - 35% - 18:47
3 - 30% - 30% - 16:00
4 - 1% - 0% - 0:22
PP Forward
1 - 55% - 50% - 1:05
2 - 45% - 50% - 0:54
PP Defense
1 - 63% - 50% - 1:15
2 - 37% - 50% - 0:44
PK Forward
1 - 72% - 50% - 2:51
2 - 28% - 50% - 1:07
PK Defense
1 - 50% - 50% - 1:59
2 - 50% - 50% - 1:59
PK3 Forward
1 - 0% - 50%
2 - 0% - 50%
PK3 Defense
1 - 0% - 50%
2 - 0% - 50%
44 Forward
1 - 0% - 50%
2 - 0% - 50%
44 Defense
1 - 0% - 50%
2 - 0% - 50%
Last Minute Offensive - 0:00
Last Minute Defensive - 0:00
Total
Forward - 60:00
Defense - 60:00
|
% Time on Ice - Pittsburgh Penguins
Lines # - Real PCT - Wanted PCT - Time Play
Normal Forward
1 - 31% - 30% - 16:30
2 - 30% - 30% - 16:00
3 - 24% - 25% - 13:12
4 - 15% - 15% - 8:21
Normal Defense
1 - 34% - 35% - 18:24
2 - 36% - 35% - 19:18
3 - 29% - 30% - 15:31
4 - 2% - 0% - 0:50
PP Forward
1 - 46% - 50% - 1:49
2 - 54% - 50% - 2:09
PP Defense
1 - 58% - 50% - 2:18
2 - 42% - 50% - 1:40
PK Forward
1 - 54% - 50% - 1:04
2 - 46% - 50% - 0:55
PK Defense
1 - 58% - 50% - 1:09
2 - 42% - 50% - 0:50
PK3 Forward
1 - 0% - 50%
2 - 0% - 50%
PK3 Defense
1 - 0% - 50%
2 - 0% - 50%
44 Forward
1 - 0% - 50%
2 - 0% - 50%
44 Defense
1 - 0% - 50%
2 - 0% - 50%
Last Minute Offensive - 0:00
Last Minute Defensive - 0:00
Total
Forward - 60:00
Defense - 60:00
|
Play-by-Play
1st period
0:01 of 1st period - Leon Draisaitl wins face-off versus Auston Matthews in neutral zone.
1:15 of 1st period - Snap shot by Matthew Peca.
1:15 of 1st period - Shot Misses the Net.
1:27 of 1st period - Sonny Milano is hit by Brian Dumoulin and loses puck.
2:08 of 1st period - Matt Duchene is hit by Anders Lee and loses puck.
2:54 of 1st period - Slapshot by Anders Lee.
2:54 of 1st period - Stopped by Jake Allen with a rebound.
3:04 of 1st period - Wrist shot by Sam Reinhart.
3:04 of 1st period - Stopped by Jake Allen with a rebound.
3:16 of 1st period - Slapshot by Bryan Rust.
3:16 of 1st period - Stopped by Akira Schmid without a rebound.
3:17 of 1st period - Phillip Danault wins face-off versus Elias Lindholm in Pittsburgh Penguins zone.
3:17 of 1st period - Phillip Danault is hit by Matt Roy.
3:48 of 1st period - Ben Chiarot is hit by Pavel Buchnevich and loses puck.
4:25 of 1st period - Mattias Ekholm is hit by Max Pacioretty.
4:45 of 1st period - Ryan Suter is hit by Radek Faksa and loses puck.
5:07 of 1st period - Matt Roy is hit by Gabriel Vilardi and loses puck.
5:30 of 1st period - Elias Lindholm is hit by Jordan Eberle and loses puck.
5:45 of 1st period - Ben Chiarot is hit by Gabriel Vilardi and loses puck.
6:14 of 1st period - Ryan Suter is hit by Auston Matthews and loses puck.
7:23 of 1st period - Matt Roy is hit by Ryan Johansen and loses puck.
9:38 of 1st period - Mitchell Marner is hit by Elias Lindholm and loses puck.
9:53 of 1st period - Slapshot by Marcus Johansson.
9:53 of 1st period - Stopped by Akira Schmid without a rebound.
9:54 of 1st period - Radek Faksa wins face-off versus Jordan Eberle in Pittsburgh Penguins zone.
10:26 of 1st period - Slapshot by Anders Lee.
10:26 of 1st period - Shot Blocked by Oliver Ekman-Larsson.
10:43 of 1st period - Off-side.
10:44 of 1st period - Radek Faksa wins face-off versus Phillip Danault in neutral zone.
10:55 of 1st period - Icing by Ryan Johansen.
10:56 of 1st period - Phillip Danault wins face-off versus Radek Faksa in Pittsburgh Penguins zone.
11:05 of 1st period - Snap shot by Tyler Johnson.
11:05 of 1st period - Stopped by Akira Schmid without a rebound.
11:06 of 1st period - Leon Draisaitl wins face-off versus Radek Faksa in Pittsburgh Penguins zone.
12:50 of 1st period - Wrist shot by Leon Draisaitl.
12:50 of 1st period - Stopped by Jake Allen with a rebound.
13:26 of 1st period - Wrist shot by Sam Reinhart.
13:26 of 1st period - Stopped by Jake Allen without a rebound.
13:27 of 1st period - Matthew Peca wins face-off versus Jean-Gabriel Pageau in Philadelphia Flyers zone.
13:27 of 1st period - Matthew Peca is hit by Anders Lee.
14:02 of 1st period - Wrist shot by Colton Sissons.
14:02 of 1st period - Shot Misses the Net.
14:04 of 1st period - Slapshot by Ryan Suter.
14:04 of 1st period - Stopped by Jake Allen with a rebound.
14:06 of 1st period - Slapshot by Gabriel Vilardi.
14:06 of 1st period - Shot Hit the Post.
14:39 of 1st period - Ben Chiarot is hit by Anders Lee.
15:05 of 1st period - Wrist shot by Leon Draisaitl.
15:05 of 1st period - Stopped by Jake Allen with a rebound.
15:31 of 1st period - Icing by Marcus Johansson.
15:32 of 1st period - Jean-Gabriel Pageau wins face-off versus Radek Faksa in Philadelphia Flyers zone.
15:39 of 1st period - Slapshot by Erik Karlsson.
15:39 of 1st period - Stopped by Jake Allen without a rebound.
15:40 of 1st period - Auston Matthews wins face-off versus Jean-Gabriel Pageau in Philadelphia Flyers zone.
16:09 of 1st period - Snap shot by Vladimir Tarasenko.
16:09 of 1st period - Deflect By Elias Lindholm.
16:09 of 1st period - Stopped by Akira Schmid with a rebound.
16:21 of 1st period - Icing by Vladimir Tarasenko.
16:22 of 1st period - Leon Draisaitl wins face-off versus Elias Lindholm in Philadelphia Flyers zone.
16:25 of 1st period - Snap shot by Leon Draisaitl.
16:25 of 1st period - Deflect By Mitchell Marner.
16:25 of 1st period - Stopped by Jake Allen without a rebound.
16:26 of 1st period - Leon Draisaitl wins face-off versus Bryan Rust in Philadelphia Flyers zone.
16:58 of 1st period - Snap shot by Sonny Milano.
16:58 of 1st period - Deflect By Matthew Peca.
16:58 of 1st period - Shot Misses the Net.
16:58 of 1st period - Puck is out of play.
16:59 of 1st period - Anders Lee wins face-off versus Elias Lindholm in Pittsburgh Penguins zone.
17:22 of 1st period - Icing by Sam Reinhart.
17:23 of 1st period - Jean-Gabriel Pageau wins face-off versus Matt Duchene in Pittsburgh Penguins zone.
17:37 of 1st period - Wrist shot by Leon Draisaitl.
17:37 of 1st period - Goal by Leon Draisaitl - Philadelphia Flyers : 0 - Pittsburgh Penguins : 1.
17:38 of 1st period - Phillip Danault wins face-off versus Matthew Peca in neutral zone.
17:47 of 1st period - Wrist shot by Ryan Johansen.
17:47 of 1st period - Shot Misses the Net.
18:04 of 1st period - Minor Penalty to Radek Faksa for Hooking.
18:05 of 1st period - Leon Draisaitl wins face-off versus Elias Lindholm in Philadelphia Flyers zone.
18:14 of 1st period - Snap shot by Pavel Buchnevich.
18:14 of 1st period - Shot Misses the Net.
18:20 of 1st period - Slapshot by Bryan Rust.
18:20 of 1st period - Stopped by Akira Schmid with a rebound.
19:04 of 1st period - Snap shot by Pavel Buchnevich.
19:04 of 1st period - Stopped by Jake Allen with a rebound.
19:22 of 1st period - Jean-Gabriel Pageau is hit by Ben Chiarot and loses puck.
Goals for this period are 0 for Philadelphia Flyers vs 1 for Pittsburgh Penguins.
Shots for this period are 5 for Philadelphia Flyers vs 10 for Pittsburgh Penguins.
2nd period
0:01 of 2nd period - Elias Lindholm wins face-off versus Jean-Gabriel Pageau in neutral zone.
0:04 of 2nd period - Penalty to Radek Faksa is over, Radek Faksa is back on ice.
0:04 of 2nd period - Brian Dumoulin is hit by Artem Zub and loses puck.
0:50 of 2nd period - Slapshot by Mitchell Marner.
0:50 of 2nd period - Stopped by Jake Allen with a rebound.
0:56 of 2nd period - Wrist shot by Mitchell Marner.
0:56 of 2nd period - Deflect By Pavel Buchnevich.
0:56 of 2nd period - Shot Blocked by Radek Faksa.
0:56 of 2nd period - Puck is out of play.
0:57 of 2nd period - Jean-Gabriel Pageau wins face-off versus Matthew Peca in Philadelphia Flyers zone.
1:06 of 2nd period - Snap shot by Jesper Fast.
1:06 of 2nd period - Stopped by Akira Schmid with a rebound.
1:08 of 2nd period - Snap shot by Matthew Peca.
1:08 of 2nd period - Stopped by Akira Schmid with a rebound.
1:41 of 2nd period - Slapshot by Tyler Johnson.
1:41 of 2nd period - Shot Misses the Net.
2:04 of 2nd period - Snap shot by Tom Wilson.
2:04 of 2nd period - Shot Blocked by Artem Zub.
2:08 of 2nd period - Wrist shot by Erik Karlsson.
2:08 of 2nd period - Stopped by Jake Allen with a rebound.
2:10 of 2nd period - Slapshot by Erik Karlsson.
2:10 of 2nd period - Shot Blocked by Oliver Ekman-Larsson.
2:34 of 2nd period - Slapshot by Sonny Milano.
2:34 of 2nd period - Deflect By Matthew Peca.
2:34 of 2nd period - Shot Misses the Net.
2:34 of 2nd period - Puck is out of play.
2:35 of 2nd period - Leon Draisaitl wins face-off versus Elias Lindholm in Pittsburgh Penguins zone.
2:52 of 2nd period - Wrist shot by Mitchell Marner.
2:52 of 2nd period - Shot Misses the Net.
3:06 of 2nd period - Anders Lee is hit by Radek Faksa and loses puck.
3:22 of 2nd period - Icing by Mattias Ekholm.
3:23 of 2nd period - Matthew Peca wins face-off versus Gabriel Vilardi in Pittsburgh Penguins zone.
3:26 of 2nd period - Slapshot by Sonny Milano.
3:26 of 2nd period - Shot Blocked by Mattias Ekholm.
3:53 of 2nd period - Wrist shot by Leon Draisaitl.
3:53 of 2nd period - Stopped by Jake Allen with a rebound.
3:55 of 2nd period - Slapshot by Leon Draisaitl.
3:55 of 2nd period - Shot Hit the Post.
3:57 of 2nd period - Slapshot by Erik Gudbranson.
3:57 of 2nd period - Stopped by Jake Allen without a rebound.
3:58 of 2nd period - Jean-Gabriel Pageau wins face-off versus Auston Matthews in Philadelphia Flyers zone.
4:25 of 2nd period - Oliver Ekman-Larsson is hit by Leon Draisaitl and loses puck.
5:08 of 2nd period - Wrist shot by Tom Wilson.
5:08 of 2nd period - Stopped by Jake Allen with a rebound.
5:10 of 2nd period - Snap shot by Colton Sissons.
5:10 of 2nd period - Goal by Colton Sissons - Philadelphia Flyers : 0 - Pittsburgh Penguins : 2.
5:11 of 2nd period - Jean-Gabriel Pageau wins face-off versus Radek Faksa in neutral zone.
5:26 of 2nd period - Wrist shot by Sam Reinhart.
5:26 of 2nd period - Shot Misses the Net.
5:38 of 2nd period - Ben Chiarot is hit by Phillip Danault and loses puck.
5:49 of 2nd period - Wrist shot by Jordan Eberle.
5:49 of 2nd period - Shot Misses the Net.
5:51 of 2nd period - Snap shot by Phillip Danault.
5:51 of 2nd period - Stopped by Jake Allen with a rebound.
6:07 of 2nd period - Slapshot by Justin Faulk.
6:07 of 2nd period - Shot Hit the Post.
6:09 of 2nd period - Snap shot by Jesper Fast.
6:09 of 2nd period - Shot Misses the Net.
6:11 of 2nd period - Slapshot by Ben Chiarot.
6:11 of 2nd period - Shot Blocked by Leon Draisaitl.
6:43 of 2nd period - Snap shot by Tom Wilson.
6:43 of 2nd period - Stopped by Jake Allen with a rebound.
6:55 of 2nd period - Wrist shot by Marcus Johansson.
6:55 of 2nd period - Shot Misses the Net.
7:09 of 2nd period - Wrist shot by Elias Lindholm.
7:09 of 2nd period - Stopped by Akira Schmid with a rebound.
7:27 of 2nd period - Snap shot by Sam Reinhart.
7:27 of 2nd period - Goal by Sam Reinhart - Philadelphia Flyers : 0 - Pittsburgh Penguins : 3.
7:28 of 2nd period - Leon Draisaitl wins face-off versus Radek Faksa in neutral zone.
7:55 of 2nd period - Jesper Fast is hit by Phillip Danault and loses puck.
8:17 of 2nd period - Wrist shot by Auston Matthews.
8:17 of 2nd period - Stopped by Akira Schmid without a rebound.
8:18 of 2nd period - Jean-Gabriel Pageau wins face-off versus Matt Duchene in Pittsburgh Penguins zone.
8:45 of 2nd period - Artem Zub is hit by Pavel Buchnevich and loses puck.
9:08 of 2nd period - Marcus Johansson is hit by Phillip Danault and loses puck.
9:34 of 2nd period - Erik Karlsson is hit by Sonny Milano and loses puck.
9:49 of 2nd period - Wrist shot by Matthew Peca.
9:49 of 2nd period - Shot Misses the Net.
9:51 of 2nd period - Snap shot by Matt Duchene.
9:51 of 2nd period - Stopped by Akira Schmid without a rebound.
9:52 of 2nd period - Auston Matthews wins face-off versus Leon Draisaitl in Pittsburgh Penguins zone.
10:13 of 2nd period - Snap shot by Matt Duchene.
10:13 of 2nd period - Stopped by Akira Schmid without a rebound.
10:14 of 2nd period - Phillip Danault wins face-off versus Elias Lindholm in Pittsburgh Penguins zone.
10:46 of 2nd period - Snap shot by Leon Draisaitl.
10:46 of 2nd period - Shot Blocked by Radek Faksa.
10:48 of 2nd period - Slapshot by Mitchell Marner.
10:48 of 2nd period - Stopped by Jake Allen without a rebound.
10:49 of 2nd period - Jean-Gabriel Pageau wins face-off versus Elias Lindholm in Philadelphia Flyers zone.
10:52 of 2nd period - Wrist shot by Anders Lee.
10:52 of 2nd period - Stopped by Jake Allen with a rebound.
10:54 of 2nd period - Wrist shot by Anders Lee.
10:54 of 2nd period - Stopped by Jake Allen without a rebound.
10:55 of 2nd period - Jean-Gabriel Pageau wins face-off versus Elias Lindholm in Philadelphia Flyers zone.
11:29 of 2nd period - Wrist shot by Matthew Peca.
11:29 of 2nd period - Shot Blocked by Brian Dumoulin.
12:22 of 2nd period - Off-side.
12:23 of 2nd period - Jean-Gabriel Pageau wins face-off versus Vladimir Tarasenko in neutral zone.
12:50 of 2nd period - J.J. Moser is hit by Radek Faksa and loses puck.
12:57 of 2nd period - Wrist shot by Marcus Johansson.
12:57 of 2nd period - Shot Misses the Net.
12:59 of 2nd period - Snap shot by Artem Zub.
12:59 of 2nd period - Deflect By Tyler Johnson.
12:59 of 2nd period - Shot Misses the Net.
12:59 of 2nd period - Puck is out of play.
13:00 of 2nd period - Leon Draisaitl wins face-off versus Matthew Peca in Pittsburgh Penguins zone.
13:13 of 2nd period - Snap shot by Leon Draisaitl.
13:13 of 2nd period - Deflect By Mitchell Marner.
13:13 of 2nd period - Shot Misses the Net.
13:13 of 2nd period - Puck is out of play.
13:14 of 2nd period - Phillip Danault wins face-off versus Radek Faksa in Philadelphia Flyers zone.
13:15 of 2nd period - Snap shot by Ryan Johansen.
13:15 of 2nd period - Shot Blocked by Justin Faulk.
13:17 of 2nd period - Wrist shot by Phillip Danault.
13:17 of 2nd period - Shot Blocked by Tyler Johnson.
14:03 of 2nd period - Oliver Ekman-Larsson is hit by Erik Gudbranson and loses puck.
14:14 of 2nd period - Slapshot by Sam Reinhart.
14:14 of 2nd period - Shot Misses the Net.
14:24 of 2nd period - Slapshot by Auston Matthews.
14:24 of 2nd period - Stopped by Akira Schmid with a rebound.
14:51 of 2nd period - Wrist shot by Tyler Johnson.
14:51 of 2nd period - Shot Blocked by Ryan Suter.
15:03 of 2nd period - Sonny Milano is hit by Leon Draisaitl and loses puck.
16:16 of 2nd period - Snap shot by Phillip Danault.
16:16 of 2nd period - Stopped by Jake Allen with a rebound.
17:11 of 2nd period - Icing by Leon Draisaitl.
17:12 of 2nd period - Radek Faksa wins face-off versus Leon Draisaitl in Pittsburgh Penguins zone.
17:13 of 2nd period - Snap shot by Marcus Johansson.
17:13 of 2nd period - Shot Misses the Net.
17:19 of 2nd period - Backhand shot by Jesper Fast.
17:19 of 2nd period - Stopped by Akira Schmid with a rebound.
17:21 of 2nd period - Wrist shot by Jesper Fast.
17:21 of 2nd period - Shot Misses the Net.
17:23 of 2nd period - Wrist shot by Matthew Peca.
17:23 of 2nd period - Shot Misses the Net.
17:25 of 2nd period - Slapshot by Justin Faulk.
17:25 of 2nd period - Stopped by Akira Schmid without a rebound.
17:26 of 2nd period - Jean-Gabriel Pageau wins face-off versus Radek Faksa in Pittsburgh Penguins zone.
17:37 of 2nd period - Snap shot by Tyler Johnson.
17:37 of 2nd period - Stopped by Akira Schmid without a rebound.
17:38 of 2nd period - Ryan Johansen wins face-off versus Elias Lindholm in Pittsburgh Penguins zone.
17:49 of 2nd period - Slapshot by Phillip Danault.
17:49 of 2nd period - Shot Misses the Net.
17:51 of 2nd period - Slapshot by Ryan Johansen.
17:51 of 2nd period - Stopped by Jake Allen without a rebound.
17:52 of 2nd period - Jean-Gabriel Pageau wins face-off versus Sonny Milano in Philadelphia Flyers zone.
17:59 of 2nd period - Snap shot by Sam Reinhart.
17:59 of 2nd period - Shot Misses the Net.
18:01 of 2nd period - Slapshot by Brian Dumoulin.
18:01 of 2nd period - Stopped by Jake Allen with a rebound.
18:03 of 2nd period - Snap shot by Anders Lee.
18:03 of 2nd period - Deflect By Matthew Peca.
18:03 of 2nd period - Stopped by Jake Allen with a rebound.
18:05 of 2nd period - Wrist shot by Jean-Gabriel Pageau.
18:05 of 2nd period - Shot Misses the Net.
18:07 of 2nd period - Slapshot by Anders Lee.
18:07 of 2nd period - Stopped by Jake Allen with a rebound.
18:09 of 2nd period - Slapshot by Ryan Suter.
18:09 of 2nd period - Deflect By Jean-Gabriel Pageau.
18:09 of 2nd period - Goal by Jean-Gabriel Pageau - Philadelphia Flyers : 0 - Pittsburgh Penguins : 4.
18:10 of 2nd period - Radek Faksa wins face-off versus Phillip Danault in neutral zone.
19:05 of 2nd period - Wrist shot by Vladimir Tarasenko.
19:05 of 2nd period - Shot Misses the Net.
19:13 of 2nd period - Max Pacioretty is hit by J.J. Moser and loses puck.
19:24 of 2nd period - Wrist shot by Gabriel Vilardi.
19:24 of 2nd period - Stopped by Jake Allen without a rebound.
19:25 of 2nd period - Colton Sissons wins face-off versus Matthew Peca in Philadelphia Flyers zone.
19:26 of 2nd period - Snap shot by Gabriel Vilardi.
19:26 of 2nd period - Stopped by Jake Allen with a rebound.
19:33 of 2nd period - Tom Wilson beats up Matthew Peca.
19:33 of 2nd period - Penalty to Tom Wilson for Fighting.
19:33 of 2nd period - Penalty to Matthew Peca for Fighting.
19:34 of 2nd period - Marcus Johansson wins face-off versus Phillip Danault in Philadelphia Flyers zone.
Goals for this period are 0 for Philadelphia Flyers vs 3 for Pittsburgh Penguins.
Shots for this period are 10 for Philadelphia Flyers vs 20 for Pittsburgh Penguins.
3rd period
0:01 of 3rd period - Elias Lindholm wins face-off versus Jean-Gabriel Pageau in neutral zone.
0:06 of 3rd period - Wrist shot by Vladimir Tarasenko.
0:06 of 3rd period - Shot Blocked by J.J. Moser.
1:44 of 3rd period - Wrist shot by Tyler Johnson.
1:44 of 3rd period - Stopped by Akira Schmid with a rebound.
1:46 of 3rd period - Slapshot by Radek Faksa.
1:46 of 3rd period - Shot Misses the Net.
1:48 of 3rd period - Snap shot by Marcus Johansson.
1:48 of 3rd period - Stopped by Akira Schmid with a rebound.
1:50 of 3rd period - Slapshot by Ben Chiarot.
1:50 of 3rd period - Goal by Ben Chiarot - Philadelphia Flyers : 1 - Pittsburgh Penguins : 4.
1:51 of 3rd period - Auston Matthews wins face-off versus Mitchell Marner in neutral zone.
2:16 of 3rd period - Matt Roy is hit by Phillip Danault and loses puck.
2:35 of 3rd period - Snap shot by Sam Reinhart.
2:35 of 3rd period - Shot Misses the Net.
2:45 of 3rd period - Slapshot by Sam Reinhart.
2:45 of 3rd period - Shot Blocked by Auston Matthews.
2:47 of 3rd period - Wrist shot by Sam Reinhart.
2:47 of 3rd period - Goal by Sam Reinhart - Philadelphia Flyers : 1 - Pittsburgh Penguins : 5.
2:48 of 3rd period - Auston Matthews wins face-off versus Mitchell Marner in neutral zone.
3:09 of 3rd period - Minor Penalty to Erik Karlsson for Checking from behind.
3:10 of 3rd period - Auston Matthews wins face-off versus Leon Draisaitl in Pittsburgh Penguins zone.
4:33 of 3rd period - Penalty to Tom Wilson is over, Tom Wilson is back on ice.
5:09 of 3rd period - Penalty to Erik Karlsson is over, Erik Karlsson is back on ice.
5:19 of 3rd period - Snap shot by Sam Reinhart.
5:19 of 3rd period - Shot Misses the Net.
5:21 of 3rd period - Snap shot by Sam Reinhart.
5:21 of 3rd period - Shot Misses the Net.
5:23 of 3rd period - Slapshot by Erik Karlsson.
5:23 of 3rd period - Shot Misses the Net.
5:25 of 3rd period - Snap shot by Ryan Suter.
5:25 of 3rd period - Stopped by Jake Allen with a rebound.
5:27 of 3rd period - Slapshot by Ryan Suter.
5:27 of 3rd period - Shot Misses the Net.
5:35 of 3rd period - Snap shot by Sam Reinhart.
5:35 of 3rd period - Stopped by Jake Allen with a rebound.
5:37 of 3rd period - Wrist shot by Sam Reinhart.
5:37 of 3rd period - Shot Blocked by Erik Gustafsson.
5:39 of 3rd period - Snap shot by Erik Karlsson.
5:39 of 3rd period - Stopped by Jake Allen with a rebound.
5:41 of 3rd period - Slapshot by Ryan Suter.
5:41 of 3rd period - Shot Blocked by Jesper Fast.
5:43 of 3rd period - Slapshot by Brian Dumoulin.
5:43 of 3rd period - Stopped by Jake Allen without a rebound.
5:44 of 3rd period - Radek Faksa wins face-off versus Phillip Danault in Philadelphia Flyers zone.
6:05 of 3rd period - Wrist shot by Ryan Johansen.
6:05 of 3rd period - Shot Misses the Net.
6:07 of 3rd period - Slapshot by J.J. Moser.
6:07 of 3rd period - Shot Blocked by Justin Faulk.
6:27 of 3rd period - Vladimir Tarasenko is hit by Leon Draisaitl and loses puck.
7:05 of 3rd period - Jesper Fast is hit by Jordan Eberle and loses puck.
7:32 of 3rd period - Wrist shot by Radek Faksa.
7:32 of 3rd period - Deflect By Ryan Suter.
7:32 of 3rd period - Stopped by Akira Schmid without a rebound.
7:33 of 3rd period - Radek Faksa wins face-off versus Jean-Gabriel Pageau in Pittsburgh Penguins zone.
7:44 of 3rd period - Snap shot by Marcus Johansson.
7:44 of 3rd period - Shot Blocked by Mattias Ekholm.
8:07 of 3rd period - Icing by Erik Karlsson.
8:08 of 3rd period - Auston Matthews wins face-off versus Jean-Gabriel Pageau in Pittsburgh Penguins zone.
8:17 of 3rd period - Snap shot by Matt Duchene.
8:17 of 3rd period - Stopped by Akira Schmid without a rebound.
8:18 of 3rd period - Bryan Rust wins face-off versus Pavel Buchnevich in Pittsburgh Penguins zone.
8:21 of 3rd period - Snap shot by Matt Duchene.
8:21 of 3rd period - Stopped by Akira Schmid with a rebound.
8:28 of 3rd period - Off-side.
8:29 of 3rd period - Leon Draisaitl wins face-off versus Auston Matthews in neutral zone.
9:39 of 3rd period - Snap shot by Mitchell Marner.
9:39 of 3rd period - Stopped by Jake Allen with a rebound.
9:41 of 3rd period - Wrist shot by Mitchell Marner.
9:41 of 3rd period - Stopped by Jake Allen with a rebound.
9:43 of 3rd period - Snap shot by Mitchell Marner.
9:43 of 3rd period - Stopped by Jake Allen without a rebound.
9:44 of 3rd period - Radek Faksa wins face-off versus Phillip Danault in Philadelphia Flyers zone.
9:44 of 3rd period - Radek Faksa is hit by Ryan Johansen.
9:47 of 3rd period - Minor Penalty to Radek Faksa for Tripping.
9:48 of 3rd period - Elias Lindholm wins face-off versus Jean-Gabriel Pageau in Philadelphia Flyers zone.
9:58 of 3rd period - Snap shot by Sam Reinhart.
9:58 of 3rd period - Deflect By Anders Lee.
9:58 of 3rd period - Shot Blocked by Justin Faulk.
9:58 of 3rd period - Puck is out of play.
9:59 of 3rd period - Jean-Gabriel Pageau wins face-off versus Elias Lindholm in Philadelphia Flyers zone.
10:51 of 3rd period - Erik Karlsson is hit by Ben Chiarot and loses puck.
11:14 of 3rd period - Elias Lindholm is hit by Erik Karlsson.
11:47 of 3rd period - Penalty to Radek Faksa is over, Radek Faksa is back on ice.
12:27 of 3rd period - Snap shot by Tyler Johnson.
12:27 of 3rd period - Stopped by Akira Schmid with a rebound.
12:46 of 3rd period - Wrist shot by Sonny Milano.
12:46 of 3rd period - Stopped by Akira Schmid without a rebound.
12:47 of 3rd period - Leon Draisaitl wins face-off versus Jesper Fast in Pittsburgh Penguins zone.
13:00 of 3rd period - Snap shot by Sonny Milano.
13:00 of 3rd period - Stopped by Akira Schmid with a rebound.
13:04 of 3rd period - Slapshot by Jesper Fast.
13:04 of 3rd period - Stopped by Akira Schmid with a rebound.
13:06 of 3rd period - Slapshot by Erik Gustafsson.
13:06 of 3rd period - Stopped by Akira Schmid without a rebound.
13:07 of 3rd period - Elias Lindholm wins face-off versus Phillip Danault in Pittsburgh Penguins zone.
13:14 of 3rd period - Slapshot by Elias Lindholm.
13:14 of 3rd period - Shot Misses the Net.
13:36 of 3rd period - Erik Karlsson is hit by Sonny Milano.
14:33 of 3rd period - Wrist shot by Matt Duchene.
14:33 of 3rd period - Deflect By Auston Matthews.
14:33 of 3rd period - Stopped by Akira Schmid without a rebound.
14:34 of 3rd period - Radek Faksa wins face-off versus Phillip Danault in Pittsburgh Penguins zone.
15:06 of 3rd period - Jean-Gabriel Pageau is hit by Matthew Peca and loses puck.
15:23 of 3rd period - Snap shot by Mitchell Marner.
15:23 of 3rd period - Shot Misses the Net.
15:25 of 3rd period - Snap shot by Mitchell Marner.
15:25 of 3rd period - Shot Hit the Post.
15:27 of 3rd period - Slapshot by Ryan Suter.
15:27 of 3rd period - Stopped by Jake Allen with a rebound.
15:29 of 3rd period - Snap shot by Pavel Buchnevich.
15:29 of 3rd period - Shot Misses the Net.
15:31 of 3rd period - Wrist shot by Leon Draisaitl.
15:31 of 3rd period - Stopped by Jake Allen with a rebound.
15:43 of 3rd period - Wrist shot by Gabriel Vilardi.
15:43 of 3rd period - Shot Misses the Net.
15:45 of 3rd period - Wrist shot by Colton Sissons.
15:45 of 3rd period - Deflect By Gabriel Vilardi.
15:45 of 3rd period - Stopped by Jake Allen with a rebound.
15:47 of 3rd period - Wrist shot by Erik Gudbranson.
15:47 of 3rd period - Stopped by Jake Allen with a rebound.
16:02 of 3rd period - Elias Lindholm is hit by Phillip Danault and loses puck.
16:39 of 3rd period - Erik Gustafsson is hit by Pavel Buchnevich and loses puck.
16:48 of 3rd period - Wrist shot by Pavel Buchnevich.
16:48 of 3rd period - Stopped by Jake Allen with a rebound.
16:50 of 3rd period - Snap shot by Brian Dumoulin.
16:50 of 3rd period - Shot Blocked by Radek Faksa.
17:06 of 3rd period - Artem Zub is hit by Colton Sissons and loses puck.
17:36 of 3rd period - Wrist shot by Auston Matthews.
17:36 of 3rd period - Stopped by Akira Schmid with a rebound.
17:50 of 3rd period - Snap shot by Sam Reinhart.
17:50 of 3rd period - Shot Hit the Post.
17:52 of 3rd period - Snap shot by Anders Lee.
17:52 of 3rd period - Stopped by Jake Allen with a rebound.
17:54 of 3rd period - Snap shot by Sam Reinhart.
17:54 of 3rd period - Shot Misses the Net.
17:56 of 3rd period - Slapshot by Ryan Suter.
17:56 of 3rd period - Shot Blocked by Marcus Johansson.
17:58 of 3rd period - Slapshot by Ryan Suter.
17:58 of 3rd period - Deflect By Tyler Johnson.
17:58 of 3rd period - Stopped by Jake Allen without a rebound.
17:59 of 3rd period - Matthew Peca wins face-off versus Leon Draisaitl in Philadelphia Flyers zone.
18:06 of 3rd period - Slapshot by Matthew Peca.
18:06 of 3rd period - Stopped by Akira Schmid with a rebound.
18:08 of 3rd period - Snap shot by Jesper Fast.
18:08 of 3rd period - Shot Misses the Net.
18:10 of 3rd period - Slapshot by Oliver Ekman-Larsson.
18:10 of 3rd period - Deflect By Erik Karlsson.
18:10 of 3rd period - Stopped by Akira Schmid without a rebound.
18:11 of 3rd period - Jean-Gabriel Pageau wins face-off versus Radek Faksa in Pittsburgh Penguins zone.
18:22 of 3rd period - Wrist shot by Sam Reinhart.
18:22 of 3rd period - Stopped by Jake Allen with a rebound.
18:24 of 3rd period - Wrist shot by Erik Karlsson.
18:24 of 3rd period - Deflect By Anders Lee.
18:24 of 3rd period - Shot Misses the Net.
18:24 of 3rd period - Puck is out of play.
18:25 of 3rd period - Pavel Buchnevich wins face-off versus Auston Matthews in Philadelphia Flyers zone.
18:32 of 3rd period - Slapshot by Oliver Ekman-Larsson.
18:32 of 3rd period - Stopped by Akira Schmid without a rebound.
18:33 of 3rd period - Leon Draisaitl wins face-off versus Auston Matthews in Pittsburgh Penguins zone.
18:40 of 3rd period - Snap shot by Leon Draisaitl.
18:40 of 3rd period - Deflect By Pavel Buchnevich.
18:40 of 3rd period - Shot Misses the Net.
18:40 of 3rd period - Puck is out of play.
18:41 of 3rd period - Radek Faksa wins face-off versus Jean-Gabriel Pageau in Philadelphia Flyers zone.
19:08 of 3rd period - Jesper Fast is hit by Erik Karlsson and loses puck.
19:28 of 3rd period - Off-side.
19:29 of 3rd period - Auston Matthews wins face-off versus Leon Draisaitl in neutral zone.
19:33 of 3rd period - Off-side.
19:34 of 3rd period - Leon Draisaitl wins face-off versus Radek Faksa in neutral zone.
Goals for this period are 1 for Philadelphia Flyers vs 1 for Pittsburgh Penguins.
Shots for this period are 16 for Philadelphia Flyers vs 16 for Pittsburgh Penguins.
Back to the Top